 Dungeon Crawl Stone Soup version 0.24-a0-809-g71cb82dfb8 (webtiles) character file.

Game seed: 11048092383807844471, levelgen mode: deterministic

58 Peloso the Skirmisher (level 3, 0/34 HPs)
             Began as a Minotaur Fighter on Oct 11, 2019.
             Slain by Grinder (6 damage)
             ... while paralysed by Grinder
             ... on level 3 of the Dungeon.
             The game lasted 00:02:38 (1579 turns).

Peloso the Skirmisher (Minotaur Fighter)            Turns: 1579, Time: 00:02:39

Health: 0/34       AC:  7    Str: 25    XL:     3   Next: 76%
Magic:  2/2        EV:  2    Int:  7    God:
Gold:   110        SH:  0    Dex: 10    Spells: 2/2 levels left

rFire    . . .     SeeInvis .   a - +0 long sword
rCold    . . .     Gourm    .   c - +0 shield
rNeg     . . .     Faith    .   b - +0 scale mail
rPois    .         Spirit   .   (helmet restricted)
rElec    .         Reflect  .   (no cloak)
rCorr    .         Harm     .   (no gloves)
MR       .....                  (no boots)
Stlth    ..........             (no amulet)
HPRegen  0.11/turn              e - +2 ring of intelligence
MPRegen  0.08/turn              (no ring)

@: paralysed, mighty
A: retaliatory headbutt, horns 2
a: no special abilities


You were on level 3 of the Dungeon.
You were very hungry.

You visited 1 branch of the dungeon, and saw 3 of its levels.

You collected 110 gold pieces.

Inventory:

Hand Weapons
 a - a +0 long sword (weapon)
 j - a +0 whip of flaming
Armour
 b - a +0 scale mail (worn)
 c - a +0 shield (worn)
Jewellery
 e - a +2 ring of intelligence (left hand)
Scrolls
 m - 4 scrolls of identify
 p - a scroll of fear {unknown}
Potions
 g - 2 potions of heal wounds
 h - a potion of resistance
 i - 4 potions of curing
 k - a potion of mutation {unknown}
 l - 2 potions of berserk rage {unknown}
 n - a potion of flight {unknown}
 o - a potion of agility {unknown}
 q - a potion of haste {unknown}
Comestibles
 f - 5 rations


   Skills:
 + Level 4.4 Fighting
 + Level 3.3 Long Blades
 + Level 4.1 Armour
 + Level 0.1 Dodging
 + Level 4.2 Shields


You had 2 spell levels left.
You didn't know any spells.
Your spell library was empty.

Dungeon Overview and Level Annotations

Branches:
Dungeon (3/15)

Altars:
Sif Muna

Annotations:
D:3 Grinder


Innate Abilities, Weirdness & Mutations

You reflexively headbutt those who attack you in melee.
You have a pair of horns on your head.


Message History

You slash Grinder!
Grinder is moderately wounded.
You block Grinder's attack. x2
You hit Grinder. Your headbutt misses Grinder.
Grinder is moderately wounded.
Grinder blinks!
You slash Grinder! Your headbutt misses Grinder.
Grinder is heavily wounded.
Grinder gestures at you.
You suddenly lose the ability to move!
Grinder hits you but does no damage. Grinder hits you!
You writhe in agony.
Grinder hits you.
You writhe in agony.
Grinder hits you!
* * * LOW HITPOINT WARNING * * *
You writhe in agony.
* * * LOW HITPOINT WARNING * * *
Grinder hits you but does no damage. Grinder hits you.
You die... ## .. ## #. .. #. .# #. .# #. .# #.#######.# #..@5...<.# ###########

You could see Grinder.

Vanquished Creatures
  An adder (D:2)
  3 leopard geckos
  10 bats
  3 giant cockroaches
  5 goblins
  8 hobgoblins
  6 kobolds
  2 quokkas (D:2)
  A frilled lizard (D:1)
  2 rats
41 creatures vanquished.

Notes
Turn   | Place    | Note
-------+----------+-------------------------------------------
     0 | D:1      | Peloso the Minotaur Fighter began the quest for the Orb.
     0 | D:1      | Reached XP level 1. HP: 19/19 MP: 0/0
    51 | D:1      | Reached XP level 2. HP: 26/27 MP: 1/1
   581 | D:2      | Reached XP level 3. HP: 33/33 MP: 2/2
  1368 | D:2      | Found a shimmering blue altar of Sif Muna.
  1562 | D:3      | Noticed Grinder
  1573 | D:3      | Paralysed by Grinder for 7 turns
  1579 | D:3      | Slain by Grinder

Levels and vault maps discovered:
D:1:      eino_arrival_cavern_a, layout_basic, minmay_ruptured
D:2:      minmay_door_path, layout_loops_cross, first_ration,
          lemuel_blue_sif_altar
D:3:      layout_loops_ring, portal_sewer_entry_d, uniq_natasha, uniq_robin,
          uniq_grinder

Skill      XL: |  1  2  3 |
---------------+----------+-----
Fighting       | 4 |  4.4
Shields        | 4 |  4.2
Armour         | 4 |  4.1
Long Blades    | 3 |  3.3
Dodging        | |  0.1

Action                   || total
-------------------------++-------
Melee: Long sword        ||    95
       Headbutt          ||    16
  Use: Potion            ||     4
       Scroll            ||     3
  Eat: Chunk             ||     1
Armor: Scale mail        ||    62
Dodge: Dodged            ||    53
Block: Shield            ||    52
       Rpst.: Long sword ||    16

Table legend:
 A = Non-vault XP
 B = Vault XP
 C = Vault XP percentage of total XP
 D = Non-vault monster count
 E = Vault monster count
 F = Vault count percentage of total count
                 A         B        C        D         E       F
            +---------+---------+-------+---------+---------+-------
      Total |      70 |      14 |  16.7 |      34 |       7 |  17.1
            +---------+---------+-------+---------+---------+-------
        D:1 |      30 |       8 |  21.1 |      18 |       4 |  18.2
        D:2 |      40 |       6 |  13.0 |      16 |       3 |  15.8
            +---------+---------+-------+---------+---------+-------
